 Dungeon Crawl Stone Soup version 0.25.1-8-g42b30a86e7 (webtiles) character file.

Game seed: 15235048913856234913

42 hehateme the Skirmisher (level 3, 0/24 HPs)
             Began as a Kobold Fighter on Dec 13, 2020.
             Slain by an adder (3 damage)
             ... on level 2 of the Dungeon.
             The game lasted 00:02:35 (1686 turns).

hehateme the Skirmisher (Kobold Fighter)            Turns: 1686, Time: 00:02:36

Health: 0/24       AC:  6    Str: 14    XL:     3   Next: 77%
Magic:  3/3        EV:  8    Int:  9    God:
Gold:   71         SH:  8    Dex: 14    Spells: 2/2 levels left

rFire    . . .     SeeInvis .   a - +0 war axe
rCold    . . .     Gourm    .   c - +0 kite shield
rNeg     . . .     Faith    .   b - +0 scale mail
rPois    .         Spirit   .   (no helmet)
rElec    .         Reflect  .   (no cloak)
rCorr    .         Harm     .   (no gloves)
MR       .....                  (no boots)
Stlth    ..........             (no amulet)
HPRegen  0.08/turn              (no ring)
MPRegen  0.08/turn              (no ring)

@: lethally poisoned (0 -> -12), heavily drained
A: small, carnivore
a: no special abilities


You were on level 2 of the Dungeon.
You were completely stuffed.

You visited 1 branch of the dungeon, and saw 2 of its levels.

You collected 71 gold pieces.

Inventory:

Hand Weapons
 a - a +0 war axe (weapon)
Missiles
 i - 22 poisoned darts
 k - 56 stones (quivered)
 Q - 27 bolts
Armour
 b - a +0 scale mail (worn)
 c - a +0 kite shield (worn)
Jewellery
 o - a +4 ring of evasion {unknown}
 p - an uncursed amulet of guardian spirit {unknown}
Scrolls
 f - 3 scrolls of identify {unknown}
 g - a scroll of teleportation {unknown}
 h - a scroll of random uselessness {unknown}
Potions
 d - a potion of might
 j - 2 potions of curing {unknown}
 l - a potion of mutation {unknown}
 n - a potion of heal wounds {unknown}
Comestibles
 e - 2 rations
 m - 4 chunks of flesh


   Skills:
 + Level 3.6(2.2) Fighting
 * Level 2.3(0.9) Axes
 + Level 2.7(1.3) Armour
 + Level 2.7(1.3) Shields


You had 2 spell levels left.
You didn't know any spells.
Your spell library was empty.

Dungeon Overview and Level Annotations

Branches:
Dungeon (2/15)

Altars:


Innate Abilities, Weirdness & Mutations

You are small and have problems with some larger weapons.
You are carnivorous and can eat meat at any time.


Message History

You are more poisoned.
The adder poisons you!
You take 2 damage, and have 11/24 hp.
You miss the adder.
You feel sick. The adder bites you but does no damage.
The adder barely misses you.
You hit the adder but do no damage.
You feel sick. The adder bites you but does no damage. The adder bites you.
* * * LOW HITPOINT WARNING * * *
You take 2 damage, and have 9/24 hp.
You miss the adder.
* * * LOW HITPOINT WARNING * * *
You feel sick. The adder bites you.
* * * LOW HITPOINT WARNING * * *
You are more poisoned.
The adder poisons you! You block the adder's attack.
You take 4 damage, and have 5/24 hp.
You closely miss the adder.
* * * LOW HITPOINT WARNING * * *
You feel sick. You block the adder's attack. The adder bites you.
You die...

.....#.#[#
####.#.#.# ...
####.#.#.# ...
..<..#.#.# #.#
.....#.#.# #.#
รท......#.# #(#
.###.....# #(#
.#
#############S#
.# #........@#
.# #.#####.#.#
.# #.# #...#
.#######.#
#####
.........#
##########

Skill      XL: |  1  2 |
---------------+-------+-----
Axes           | 2 |  2.3
Fighting       | |  3.6
Armour         | |  2.7
Shields        | |  2.7

Notes
Turn   | Place    | Note
-------+----------+-------------------------------------------
     0 | D:1      | hehateme the Kobold Fighter began the quest for the Orb.
     0 | D:1      | Reached XP level 1. HP: 14/14 MP: 1/1
   129 | D:1      | Reached XP level 2. HP: 19/19 MP: 2/2
   351 | D:1      | Reached skill level 2 in Axes
   704 | D:1      | Reached XP level 3. HP: 23/23 MP: 3/3
  1685 | D:2      | HP: 5/24 [adder (3)]
  1686 | D:2      | Slain by an adder

Table legend:
 A = Turns spent in this place as a percentage of turns spent in the entire game.
 B = Non-inter-level travel turns spent in this place as a percentage of non-inter-level travel turns spent in the entire game.
 C = Inter-level travel turns spent in this place as a percentage of turns spent in this place.
 D = Turns resting spent in this place as a percentage of non-inter-level travel turns spent in this place.
 E = Turns spent auto-exploring this place as a percentage of non-inter-level travel turns spent in this place.
 F = Non-inter-level travel turns spent in this place divided by the number of levels of this place that you've seen.
                   A       B       C       D       E      F
               +-------+-------+-------+-------+-------+----------------------
         Total | 100.0 | 100.0 |   0.5 |   9.2 |  75.1 | 839.0
       Dungeon | 100.0 | 100.0 |   0.5 |   9.2 |  75.1 | 839.0
               +-------+-------+-------+-------+-------+----------------------

Table legend:
 A = Kills in this place as a percentage of kills in entire the game.
 B = Kills by you in this place as a percentage of kills by you in the entire game.
 C = Kills by friends in this place as a percentage of kills by friends in the entire game.
 D = Other kills in this place as a percentage of other kills in the entire game.
 E = Experience gained in this place as a percentage of experience gained in the entire game.
 F = Experience gained in this place divided by the number of levels of this place that you have seen.
                   A       B       C       D       E      F
               +-------+-------+-------+-------+-------+----------------------
         Total | 100.0 | 100.0 |   N/A |   N/A | 100.0 |  30.0
       Dungeon | 100.0 | 100.0 |   N/A |   N/A | 100.0 |  30.0
               +-------+-------+-------+-------+-------+----------------------

Action                   || total
-------------------------++-------
Melee: War axe           ||   129
Throw: Stone             ||    74
  Eat: Chunk             ||    11
Armor: Scale mail        ||    52
Dodge: Dodged            ||    38
Block: Kite shield       ||    62

Vanquished Creatures
  2 leopard geckos
  A ball python (D:1)
  A giant cockroach (D:2)
  6 goblins (D:1)
  5 hobgoblins
  9 kobolds (D:1)
  A quokka (D:2)
  2 bats
  3 frilled lizards (D:1)
  7 rats
37 creatures vanquished. You could see an adder.

Levels and vault maps discovered:
D:1:      dpeg_arrival_ratfight, layout_loops_cross
D:2:      layout_basic, elyvilon_altar_5
